 Dungeon Crawl Stone Soup version 0.23-a0-644-gb60d84b635 (webtiles) character file.

149638 Notair the Impaler (level 16, -10/159 HPs)
             Began as a Minotaur Gladiator on Jan 1, 2019.
             Was a High Priest of Okawaru.
             Blown up by an orb spider (28 damage)
             ... with an orb of destruction
             ... on level 4 of the Spider Nest on Jan 2, 2019.
             The game lasted 02:23:02 (34281 turns).

Notair the Impaler (Minotaur Gladiator)            Turns: 34281, Time: 02:23:02

Health: -10/159    AC: 33    Str: 20    XL:     16   Next: 97%
Magic:  21/21      EV: 13    Int:  8    God:    Okawaru [*****.]
Gold:   3704       SH: 10    Dex: 16    Spells: 15/15 levels left

rFire    . . .     SeeInvis +   g - +3 trident (venom)
rCold    . . .     Gourm    .   q - +2 buckler {AC+3}
rNeg     + . .     Faith    .   b - +2 pearl dragon scales "Gemaob" {rElec rN+ Int-2 SInv}
rPois    +         Spirit   .   I - +2 hat
rElec    +         Reflect  +   z - +2 cloak
rCorr    .         Harm     .   A - +0 pair of gloves {Dex+3}
MR       +++..                  a - +1 pair of boots of Wrong Decisions {+Inv MR+}
Stlth    ..........             W - +3 amulet of reflection
HPRegen  0.36/turn              S - ring of protection from magic
MPRegen  0.17/turn              U - ring of poison resistance

@: no status effects
A: retaliatory headbutt, horns 2
a: Heroism, Finesse, Renounce Religion, Evoke Invisibility


You were on level 4 of the Spider Nest.
You worshipped Okawaru.
Okawaru was extremely pleased with you.
You were not hungry.

You visited 5 branches of the dungeon, and saw 28 of its levels.
You also visited: Sewer, Ossuary, Bailey, Ice Cave and Volcano.

You collected 3704 gold pieces.

Inventory:

Hand Weapons
 g - a +3 trident of venom (weapon)
 p - the +8 spear "Veybb" {venom, rPois rC+ Int+4 Dex+3}
   (You found it on level 4 of the Dungeon)

   It poisons the flesh of those it strikes.
   It affects your intelligence (+4).
   It affects your dexterity (+3).
   It protects you from cold.
   It protects you from poison.
 O - a +2 glaive of freezing
Missiles
 i - 760 stones
 w - a throwing net (quivered)
Armour
 a - the +1 pair of boots of Wrong Decisions (worn) {+Inv MR+}
   (You found it in a sewer)

   It affects your resistance to hostile enchantments.
   It lets you turn invisible.
 b - the +2 pearl dragon scales "Gemaob" (worn) {rElec rN+ Int-2 SInv}
   (Okawaru gifted it to you on level 4 of the Lair of Beasts)

   It affects your intelligence (-2).
   It insulates you from electricity.
   It protects you from negative energy.
   It lets you see invisible.
 q - a +2 buckler of protection (worn)
 z - a +2 cloak (worn)
 A - a +0 pair of gloves of dexterity (worn)
 I - a +2 hat (worn)
Jewellery
 L - an uncursed ring of protection from fire
 S - a ring of protection from magic (left hand)
 U - a ring of poison resistance (right hand)
 W - a +3 amulet of reflection (around neck)
Wands
 c - a wand of iceblast (18)
 h - a wand of disintegration (29)
 v - a wand of flame (24)
 K - a wand of clouds (5)
 P - a wand of digging (4)
 Q - a wand of paralysis (22)
 R - a wand of polymorph (38)
 T - a wand of enslavement (13)
 V - a wand of acid (3)
Scrolls
 j - 12 scrolls of teleportation
 l - 8 scrolls of remove curse
 m - a scroll of fog
 n - 7 scrolls of enchant armour
 s - a scroll of brand weapon
 x - 3 scrolls of enchant weapon
 y - 7 scrolls of fear
 C - a scroll of blinking
 E - 2 scrolls of immolation
 F - a scroll of torment
 H - a scroll of summoning
 Y - 5 scrolls of identify
Potions
 e - 4 potions of berserk rage
 k - 5 potions of flight
 o - 3 potions of lignification
 r - 4 potions of cancellation
 u - 8 potions of might
 B - 6 potions of curing
 D - 4 potions of ambrosia
 G - a potion of mutation
 M - 3 potions of agility
 N - 4 potions of haste
 Z - 2 potions of resistance
Miscellaneous
 J - a box of beasts
 X - a lightning rod (4/4)
Comestibles
 f - 31 rations
 t - a chunk of flesh


   Skills:
 + Level 18.8 Fighting
 - Level 20.2 Polearms
 - Level 2.0 Throwing
 + Level 18.6 Armour
 + Level 5.3 Dodging
 - Level 4.1 Shields
 - Level 8.0 Invocations


You had 15 spell levels left.
You didn't know any spells.
Your spell library contained the following spells:

 Spells                   Type           Power        Failure   Level  Hunger
 Beastly Appendage        Tmut           #.....       67%         1    ##.....
 Corona                   Hex            #......      67%         1    ##.....
 Flame Tongue             Conj/Fire      #....        67%         1    ##.....
 Sandblast                Erth           #.....       67%         1    ##.....
 Shock                    Conj/Air       #...         67%         1    ##.....
 Summon Small Mammal      Summ           #...         67%         1    ##.....
 Call Imp                 Summ           #.......     82%         2    ###....
 Passwall                 Tmut/Erth      #.......     82%         2    ###....
 Poisonous Vapours        Pois/Air       #.....       82%         2    ###....
 Slow                     Hex            #.......     82%         2    ###....
 Swiftness                Chrm/Air       #.......     82%         2    ###....
 Throw Flame              Conj/Fire      #.....       82%         2    ###....
 Call Canine Familiar     Summ           #.......     96%         3    ####...
 Conjure Flame            Conj/Fire      #.......     96%         3    ####...
 Inner Flame              Hex/Fire       #.......     96%         3    ####...
 Mephitic Cloud           Conj/Pois/Air  #.......     96%         3    ####...
 Portal Projectile        Hex/Tloc       #.....       96%         3    ####...
 Static Discharge         Conj/Air       #.......     96%         3    ####...
 Stone Arrow              Conj/Erth      #.....       96%         3    ####...
 Summon Guardian Golem    Hex/Summ       #.......     96%         3    ####...
 Airstrike                Air            #.........   100%        4    #####..
 Cause Fear               Hex            #.........   100%        4    #####..
 Force Lance              Conj/Tloc      #.......     100%        4    #####..
 Leda's Liquefaction      Hex/Erth       #.........   100%        4    #####..
 Passage of Golubria      Tloc           N/A          100%        4    #####..
 Petrify                  Tmut/Erth      #.......     100%        4    #####..
 Sticky Flame             Conj/Fire      #.......     100%        4    #####..
 Summon Ice Beast         Ice/Summ       #.......     100%        4    #####..
 Summon Lightning Spire   Summ/Air       #.......     100%        4    #####..
 Bolt of Draining         Conj/Necr      #.........   100%        5    ######.
 Fireball                 Conj/Fire      #.........   100%        5    ######.
 Iskenderun's Battlesphe  Conj/Chrm      #.......     100%        5    ######.
 Lee's Rapid Deconstruct  Erth           #.........   100%        5    ######.
 Lightning Bolt           Conj/Air       #.........   100%        5    ######.
 Darkness                 Hex            #.........   100%        6    #######
 Freezing Cloud           Conj/Ice/Air   #.........   100%        6    #######
 Invisibility             Hex            #.......     100%        6    #######
 Ring of Flames           Chrm/Fire      #.........   100%        7    #######


Dungeon Overview and Level Annotations

Branches:
Dungeon (15/15)            Temple (1/1) D:4            Lair (6/6) D:10
 Shoals (0/4) Lair:3       Spider (4/4) Lair:4        Slime (0/5) Lair:5
    Orc (2/2) D:10            Elf (0/3) Orc:2        Vaults (0/5) D:14
 Depths (0/5) D:15

Altars:
Ashenzari
Cheibriados
Dithmenos
Elyvilon
Gozag
Hepliaklqana
Kikubaaqudgha
Makhleb
Nemelex Xobeh
Okawaru
Qazlal
Ru
Sif Muna
Trog
Uskayaw
Vehumet
Wu Jian
Xom
Yredelemnul
Zin
The Shining One
Beogh
Jiyva

Shops:
D:10 }   D:15 (*   Orc:2 [(!%

Annotations:
Spider:3 1 runed door, Monuek's ghost, adept TrMo


Innate Abilities, Weirdness & Mutations

You reflexively headbutt those who attack you in melee.
You have a pair of horns on your head.


Message History

You reach to attack!
You impale the orb spider!!
You kill the orb spider!
Okawaru accepts your kill.
The wavering orb of destruction hits you!
The orb spider begins to weave its threads into a brightly glowing ball.
You are too injured to fight recklessly!
You are too injured to fight recklessly!
You are too injured to fight recklessly!
You are too injured to fight recklessly!
The orb spider weaves a glowing orb of energy.
An orb of destruction comes into view.
The orb of destruction hits you!
* * * LOW HITPOINT WARNING * * *
The orb spider begins to weave its threads into a brightly glowing ball.
The orb spider weaves a glowing orb of energy.
An orb of destruction comes into view.
There is a stone staircase leading up, spattered with blood here.
The orb spider begins to weave its threads into a brightly glowing ball.
The orb of destruction hits you!
You die...

###....................
##......................
.......................
##.....................
#...........s..........
#..........)○..........
#.........○.....^...^.
###.....☼○#...........
#...@☼○..^...........
##..............^....
##..................
#..................
#.^.....#......^...
##..............^..
#.......^#^....###.
###....^##......#.#
########.......#.


You could see an orb spider.

Vanquished Creatures
  Arachne (Spider:3)
  Gastronok (D:8)
  A tengu reaver (D:14)
  A fire giant (D:15)
  A ghost moth (Spider:3)
  3 emperor scorpions (Spider:1)
  An orc warlord (Orc:2)
  3 entropy weavers
  3 spark wasps (Spider:4)
  Snorg (Lair:4)
  Josephine (Orc:2)
  Harold (D:7)
  4 catoblepae
  2 ice dragons (IceCv)
  4 vault guards (D:14)
  9 hydras
  3 centaur warriors
  Erica (D:8)
  10 two-headed ogres
  2 tengu warriors
  A wizard (D:15)
  An unseen horror (D:11)
  A sea snake (shapeshifter) (D:13)
  2 lindwurms (Volcano)
  3 orc knights (Bailey)
  7 ugly things
  16 orb spiders
  2 orc sorcerers (Orc:2)
  23 wolf spiders
  5 manticores
  A deep elf mage (D:15)
  3 slime creatures (D:14)
  9 cyclopes
  3 moths of wrath
  2 toenail golems (Volcano)
  2 ice statues (IceCv)
  3 black mambas
  2 merfolk sirens (Lair:3)
  4 centaur zombies
  Joseph (D:9)
  A molten gargoyle (Volcano)
  3 gargoyles
  A torpor snail (Spider:3)
  A redback zombie (D:14)
  8 spiny frogs
  Psyche (D:8)
  An efreet (Volcano)
  5 rime drakes
  5 komodo dragons
  5 polar bears (Lair:6)
  12 demonic crawlers
  3 meliai (D:14)
  32 jumping spiders
  12 hornets
  6 trolls
  Prince Ribbit (D:6)
  19 blink frogs
  10 hippogriffs
  7 dream sheep (Lair:6)
  14 spriggans (Lair:6)
  47 redbacks
  4 wyverns
  13 tarantellas
  8 wraiths
  3 vampires
  34 yaks
  4 hungry ghosts
  8 vampire mosquitoes
  4 basilisks
  3 fire elementals (Volcano)
  Grum (D:9)
  4 wargs (Orc:2)
  A steam dragon (D:10)
  Menkaure (D:6)
  An acid dragon (D:14)
  9 water moccasins
  16 ice beasts
  9 porcupines
  41 orc warriors
  5 sky beasts (D:10)
  An eye of draining (D:9)
  4 phantoms
  A hornet zombie (D:10)
  3 black bears
  2 necrophages
  9 ogres
  3 boggarts (Lair:6)
  11 centaurs
  21 wolves
  11 crocodiles
  18 bullfrogs
  3 earth elementals (Volcano)
  4 scorpions
  21 killer bees
  2 howler monkeys
  4 wights (D:7)
  4 electric eels
  4 crimson imps
  4 jellies
  A human zombie (Ossuary)
  A quasit (D:10)
  12 hounds
  Crazy Yiuf (D:6)
  7 bullfrog skeletons
  19 orc priests
  3 bullfrog zombies
  4 centaur skeletons
  Terence (D:2)
  6 iguanas
  29 orc wizards
  10 worker ants
  A big kobold zombie (Ossuary)
  3 mummies (Ossuary)
  9 adders
  3 gnolls (D:5)
  2 shadow imps
  7 oozes
  2 adder skeletons
  5 adder zombies
  5 worms
  2 dart slugs
  14 leopard geckos
  121 orcs
  11 giant cockroaches
  2 gnoll zombies
  10 goblins
  6 hobgoblins
  4 jackals (Sewer)
  4 quokkas
  2 ball pythons (Sewer)
  15 bats
  8 frilled lizards
  2 hobgoblin zombies (Ossuary)
  A jackal skeleton (D:8)
  3 kobolds
  2 kobold zombies (Ossuary)
  A leopard gecko skeleton (D:7)
  A leopard gecko zombie (D:6)
  An orc zombie (Ossuary)
  A quokka skeleton (D:8)
  5 rats
  A plant (Lair:4)
985 creatures vanquished.

Vanquished Creatures (collateral kills)
  An orc (Bailey)
1 creature vanquished.

Vanquished Creatures (others)
  A water moccasin (Lair:6)
  2 fungi
  A plant (Lair:4)
4 creatures vanquished.

Grand Total: 990 creatures vanquished

Notes
Turn   | Place    | Note
-------+----------+-------------------------------------------
     0 | D:1      | Notair the Minotaur Gladiator began the quest for the Orb.
     0 | D:1      | Reached XP level 1. HP: 18/18 MP: 0/0
    63 | D:1      | Reached skill level 4 in Polearms
    68 | D:1      | Reached XP level 2. HP: 22/25 MP: 1/1
   113 | D:1      | Reached skill level 1 in Armour
   265 | D:1      | Reached XP level 3. HP: 31/31 MP: 2/2
   522 | D:2      | Found a faded altar of an unknown god.
   976 | D:2      | Noticed Terence
   987 | D:2      | Killed Terence
   987 | D:2      | Reached skill level 5 in Polearms
   987 | D:2      | Reached XP level 4. HP: 10/38 MP: 3/3
  1634 | D:3      | Reached XP level 5. HP: 46/46 MP: 4/4
  1798 | D:3      | Found a white marble altar of Elyvilon.
  2134 | D:4      | Found a glowing drain.
  2148 | D:4      | Reached skill level 6 in Polearms
  2152 | Sewer    | Entered a sewer
  2469 | Sewer    | Got a pair of pitted boots
  2804 | D:4      | Got a bloodstained spear
  2810 | D:4      | Identified the +1 pair of boots of Wrong Decisions {+Inv
                  | MR+} (You found it in a sewer)
  2873 | D:4      | Reached XP level 6. HP: 53/53 MP: 5/5
  2912 | D:4      | Found a burning altar of Makhleb.
  3026 | D:4      | Found a staircase to the Ecumenical Temple.
  3034 | Temple   | Entered the Ecumenical Temple
  3118 | Temple   | Became a worshipper of Warmaster Okawaru
  3287 | D:5      | Entered Level 5 of the Dungeon
  3312 | D:5      | Reached skill level 7 in Polearms
  3444 | D:5      | Identified the +8 spear "Veybb" {venom, rPois rC+ Int+4
                  | Dex+3} (You found it on level 4 of the Dungeon)
  3530 | D:5      | Reached skill level 5 in Fighting
  3530 | D:5      | Reached XP level 7. HP: 56/61 MP: 6/6
  3588 | D:5      | Reached * piety under Okawaru
  3800 | D:5      | Reached skill level 8 in Polearms
  3892 | D:6      | Noticed Menkaure
  4194 | D:6      | Killed Menkaure
  4357 | D:6      | Reached skill level 5 in Armour
  4545 | D:6      | Noticed Prince Ribbit
  4567 | D:6      | Killed Prince Ribbit
  4567 | D:6      | Reached XP level 8. HP: 68/70 MP: 7/7
  4628 | D:6      | Reached skill level 9 in Polearms
  4684 | D:6      | Reached ** piety under Okawaru
  4907 | D:6      | Found a runed door.
  4921 | D:6      | Noticed Crazy Yiuf
  4939 | D:6      | Killed Crazy Yiuf
  5071 | D:6      | Found a sacrificial altar of Ru.
  5239 | D:7      | Noticed a hornet
  5249 | D:7      | Killed a hornet
  5249 | D:7      | Reached skill level 10 in Polearms
  5363 | D:7      | Found a sand-covered staircase.
  5371 | Ossuary  | Entered an ossuary
  5676 | D:7      | Noticed a hippogriff
  5683 | D:7      | Killed a hippogriff
  5683 | D:7      | Reached *** piety under Okawaru
  5683 | D:7      | Reached XP level 9. HP: 70/79 MP: 8/8
  5818 | D:7      | Reached skill level 11 in Polearms
  6197 | D:7      | Noticed Harold
  6229 | D:7      | Killed Harold
  6312 | D:7      | Found a glowing golden altar of the Shining One.
  6395 | D:7      | Reached skill level 12 in Polearms
  6438 | D:7      | Reached **** piety under Okawaru
  6687 | D:8      | Received a gift from Okawaru
  6777 | D:8      | Reached XP level 10. HP: 73/91 MP: 9/9
  7003 | D:8      | Noticed Gastronok
  7044 | D:8      | Killed Gastronok
  7044 | D:8      | Reached ***** piety under Okawaru
  7044 | D:8      | Reached skill level 13 in Polearms
  7279 | D:8      | Noticed Psyche
  7286 | D:8      | Killed Psyche
  7286 | D:8      | Received a gift from Okawaru
  7344 | D:8      | Reached skill level 10 in Fighting
  7490 | D:8      | Noticed Erica
  7512 | D:8      | Killed Erica
  7600 | D:8      | Reached skill level 14 in Polearms
  7621 | D:9      | Noticed a two-headed ogre
  7629 | D:9      | Killed a two-headed ogre
  7629 | D:9      | Reached skill level 10 in Armour
  7629 | D:9      | Reached XP level 11. HP: 72/100 MP: 10/10
  7746 | D:9      | Noticed a two-headed ogre
  7763 | D:9      | Killed a two-headed ogre
  7875 | D:9      | Noticed Grum
  7897 | D:9      | Killed Grum
  7911 | D:9      | Noticed Joseph
  7947 | D:9      | Killed Joseph
  7984 | D:9      | Noticed a two-headed ogre
  8010 | D:9      | Killed a two-headed ogre
  8240 | D:9      | Received a gift from Okawaru
  8472 | D:9      | Reached skill level 1 in Invocations
  8588 | D:9      | Found an opulent altar of Gozag.
  8892 | D:10     | Entered Level 10 of the Dungeon
  9133 | D:10     | Found a staircase to the Lair.
  9179 | D:10     | Found a shattered altar of Ashenzari.
  9273 | D:10     | Found a staircase to the Orcish Mines.
  9280 | D:10     | Found Vigeinafov's Gadget Boutique.
  9488 | D:10     | Noticed a brown ugly thing
  9500 | D:10     | Killed a brown ugly thing
  9528 | D:10     | Reached skill level 5 in Invocations
  9629 | D:10     | Found a shimmering altar of Xom.
  9630 | D:10     | Found a hide-covered altar of Uskayaw.
  9630 | D:10     | Found a burning altar of Makhleb.
  9630 | D:10     | Found a snail-covered altar of Cheibriados.
  9667 | D:10     | Reached ****** piety under Okawaru
  9681 | D:10     | Noticed a five-headed hydra
  9681 | D:10     | Noticed a four-headed hydra
  9682 | D:10     | Reached XP level 12. HP: 110/111 MP: 15/15
  9701 | D:10     | Killed a five-headed hydra
  9706 | D:10     | Killed a four-headed hydra
  9706 | D:10     | Received a gift from Okawaru
  9732 | D:10     | Identified the Disquisition on Lethal Transformation
  9921 | D:10     | Noticed a two-headed ogre
  9928 | D:10     | Killed a two-headed ogre
 10183 | D:11     | Noticed a six-headed hydra
 10192 | D:11     | Killed a six-headed hydra
 10291 | D:11     | Noticed a five-headed hydra
 10316 | D:11     | Killed a five-headed hydra
 10600 | D:11     | Noticed a two-headed ogre
 10610 | D:11     | Killed a two-headed ogre
 10888 | D:12     | Reached skill level 1 in Shields
 11390 | D:12     | Noticed a four-headed hydra
 11396 | D:12     | Killed a four-headed hydra
 11396 | D:12     | Received a gift from Okawaru
 12241 | D:13     | Reached XP level 13. HP: 108/121 MP: 18/18
 13005 | D:13     | Found a flagged portal.
 13014 | Bailey   | Entered a bailey
 13925 | D:14     | Received a gift from Okawaru
 13964 | D:14     | Reached skill level 15 in Fighting
 14119 | D:14     | Found a gate to the Vaults.
 14309 | D:14     | Reached skill level 15 in Polearms
 14309 | D:14     | Reached skill level 15 in Armour
 14550 | D:14     | Received a gift from Okawaru
 14736 | D:14     | Reached XP level 14. HP: 12/135 MP: 19/19
 15246 | D:14     | Noticed a tengu reaver
 15276 | D:14     | Killed a tengu reaver
 16097 | D:15     | Entered Level 15 of the Dungeon
 16167 | D:15     | Found Worhiklu's Antique Weapon Emporium.
 16326 | D:15     | Found a staircase to the Depths.
 16326 | D:15     | Noticed a fire giant
 16420 | D:15     | Killed a fire giant
 16757 | D:15     | Found Gijudaff's Blood Bar.
 17111 | Lair:1   | Entered Level 1 of the Lair of Beasts
 17466 | Lair:1   | Found a glowing golden altar of the Shining One.
 18179 | Lair:2   | Reached skill level 16 in Polearms
 19147 | Lair:3   | Found a frozen archway.
 19159 | Lair:3   | Received a gift from Okawaru
 19170 | IceCv    | Entered an ice cave
 20435 | Lair:3   | Found a staircase to the Shoals.
 20536 | Lair:3   | Identified 3 scrolls of acquirement
 20550 | Lair:3   | Got a brightly glowing hat
 20561 | Lair:3   | Identified the +2 hat of Codec {-Tele rPois rF+} (You
                  | acquired it on level 3 of the Lair of Beasts)
 20914 | Lair:4   | Found a hole to the Spider Nest.
 21231 | Lair:4   | Reached skill level 17 in Polearms
 21695 | Lair:4   | Noticed Snorg
 21711 | Lair:4   | Killed Snorg
 21746 | Lair:4   | Reached XP level 15. HP: 145/145 MP: 16/20
 21921 | Lair:4   | Received a gift from Okawaru
 21927 | Lair:4   | Got blackened pearl dragon scales {god gift}
 21938 | Lair:4   | Identified the +2 pearl dragon scales "Gemaob" {rElec rN+
                  | Int-2 SInv} (Okawaru gifted it to you on level 4 of the
                  | Lair of Beasts)
 22511 | Lair:5   | Found a staircase to the Slime Pits.
 22512 | Lair:5   | Found a viscous altar of Jiyva.
 22962 | Lair:6   | Entered Level 6 of the Lair of Beasts
 23865 | Lair:6   | Reached skill level 18 in Polearms
 24395 | Lair:6   | Received a gift from Okawaru
 24872 | Orc:1    | Entered Level 1 of the Orcish Mines
 25093 | Orc:1    | Found a dark tunnel.
 25110 | Volcano  | Entered a volcano
 25772 | Orc:2    | Entered Level 2 of the Orcish Mines
 25781 | Orc:2    | Noticed Josephine
 25798 | Orc:2    | Killed Josephine
 26521 | Orc:2    | Found a staircase to the Elven Halls.
 26726 | Orc:2    | Found a roughly hewn altar of Beogh.
 26886 | Orc:2    | Found a roughly hewn altar of Beogh.
 26940 | Orc:2    | Found a roughly hewn altar of Beogh.
 26941 | Orc:2    | Found Sagic Sym's Food Boutique.
 27014 | Orc:2    | Found a roughly hewn altar of Beogh.
 27015 | Orc:2    | Found Peghaylo's Distillery.
 27035 | Orc:2    | Received a gift from Okawaru
 27101 | Orc:2    | Noticed an orc warlord
 27174 | Orc:2    | Killed an orc warlord
 27290 | Orc:2    | Found Omuymp's Antique Armour Shop.
 27304 | Orc:2    | Found Dugy's Antique Weapon Boutique.
 27305 | Orc:2    | Found a roughly hewn altar of Beogh.
 27343 | Orc:2    | Found a roughly hewn altar of Beogh.
 27736 | Spider:1 | Entered Level 1 of the Spider Nest
 27951 | Spider:1 | Reached skill level 19 in Polearms
 28304 | Spider:1 | Reached XP level 16. HP: 151/157 MP: 21/21
 30028 | Spider:2 | Received a gift from Okawaru
 31493 | Spider:3 | Noticed Arachne
 31525 | Spider:3 | Killed Arachne
 31525 | Spider:3 | Reached skill level 20 in Polearms
 32087 | Spider:3 | Found a runed door.
 32087 | Spider:3 | Found a shimmering altar of Xom.
 32087 | Spider:3 | Noticed Monuek's ghost (adept TrMo)
 32528 | Spider:4 | Entered Level 4 of the Spider Nest
 32752 | Spider:4 | Received a gift from Okawaru
 33603 | Spider:4 | Reached skill level 5 in Dodging
 34281 | Spider:4 | Blown up by an orb spider

Vault maps used:
D:1:      wander_arrival_chamber, chequers_decorated_corner
D:2:      chequers_ecumenical_altar_simple, uniq_terence
D:3:      old_standard_altar, st_stairs_13
D:4:      minmay_temple_entry_glassed_door, portal_sewer_entry_f,
          makhleb_heckhound_becter
D:5:      first_ration
D:6:      nicolae_ru_awakened_eye, uniq_prince_ribbit1, uniq_crazy_yiuf_cottage,
          uniq_menkaure
D:7:      nicolae_tso_swordbearing_angel, enter_ossuary_3, uniq_harold
D:8:      wander_river, hangedman_decor_diamond_cutter, grunt_ogre_cave,
          uniq_psyche, uniq_erica, uniq_gastronok
D:9:      kennysheep_mini, uniq_joseph, uniq_grum
D:10:     minmay_the_grid_octo_tiled_octocenter, serial_shops,
          kennysheep_little_box, evilmike_ruin_ashenzari
D:12:     minmay_misc_feat_chi
D:13:     enter_bailey_2
D:14:     lightli_vaults_fourway_checkpoint, minivault_19, kennysheep_four_rooms
D:15:     grunt_enter_depths_giant_problem, serial_shops, shop_statue,
          guppyfry_shop_blood
Temple:   regret_index_temple_mists
Lair:1:   basic_altar, st_stairs_11
Lair:3:   elwin_shoals_entry_rooms, portal_ice_cave_rime, grunt_megastairs_1
Lair:4:   nzn_motion_control, spider_nest_entry_a, uniq_snorg
Lair:5:   slime_altar_1, serial_bayou_shore_b
Lair:6:   minmay_lair_end_enchanted_forest, infiniplex_staircase_pool
Spider:2: nicolae_spider_mines_1
Spider:3: ebering_ghost_xom, spider_trap, uniq_arachne
Spider:4: spider_rune_water
Orc:1:    nicolae_volcano_entry_lava_flow
Orc:2:    grunt_orc_community_town_hall, grunt_orc_community_big_house_1,
          grunt_orc_community_big_house_1, grunt_orc_community_house_2,
          grunt_orc_community_house_3, grunt_orc_community_house_3,
          grunt_orc_community_house_1, gauntlet_entry_generic, uniq_josephine
Sewer:    sewer_fruit_machine
Ossuary:  ossuary_crypta
Bailey:   bailey_polearm_4, bailey
IceCv:    ice_cave_small_dragons
Volcano:  volcano_aerie

Skill      XL: |  1  2  3  4  5  6  7  8  9 10 11 12 13 14 15 16 |
---------------+-------------------------------------------------+-----
Polearms       | 4 5 6 7 8 10 12 14 15 17 19 20 | 20.2
Armour         | 1 2 3 4 5 7 8 10 11 13 15 16 17 18 | 18.6
Fighting       | 3 4 5 6 7 9 10 11 13 15 16 17 18 | 18.8
Invocations    | 5 8 |  8.0
Shields        | 3 4 |  4.1
Dodging        | 5 |  5.3
Throwing       | |  2.0

Action                   |  1- 3 |  4- 6 |  7- 9 | 10-12 | 13-15 | 16-18 || total
-------------------------+-------+-------+-------+-------+-------+-------++-------
Melee: Trident           |   113 |   196 |   296 |   684 |  2100 |   720 ||  4109
       Headbutt          |     9 |    24 |    37 |   136 |   484 |   188 ||   878
       Spear             |       |       |       |       |   173 |       ||   173
Throw: Throwing net      |     1 |       |       |     1 |       |     6 ||     8
       Javelin           |       |       |       |     2 |       |       ||     2
       Stone             |       |       |       |       |       |     1 ||     1
Invok: Heroism           |       |       |       |     2 |     8 |     6 ||    16
       Finesse           |       |       |       |     2 |     3 |     1 ||     6
Evoke: Wand              |       |       |       |     3 |     5 |       ||     8
       Box of beasts     |       |       |       |       |     1 |       ||     1
  Use: Potion            |       |     4 |       |       |     6 |     4 ||    14
       Scroll            |       |    11 |     1 |    11 |    17 |     7 ||    47
 Stab: Sleeping          |     1 |       |       |       |       |       ||     1
       Held in net/web   |       |       |       |     1 |       |     2 ||     3
       Invisible         |       |       |       |       |     4 |       ||     4
       Petrified         |       |       |       |       |    14 |       ||    14
       Distracted        |       |       |       |       |     2 |       ||     2
  Eat: Chunk             |       |     8 |    11 |    30 |    39 |     9 ||    97
       Ration            |       |       |       |     1 |     4 |     3 ||     8
Armor: Leather armour    |    15 |       |       |       |       |       ||    15
       Plate armour      |    44 |    73 |    99 |   265 |   424 |       ||   905
       Pearl dragon scal |       |       |       |       |   359 |   503 ||   862
Dodge: Dodged            |    44 |    41 |    52 |   137 |   466 |   408 ||  1148
Block: Buckler           |       |       |       |    14 |   515 |   411 ||   940
       Reflection        |       |       |       |       |     4 |       ||     4

Table legend:
 A = Non-vault XP
 B = Vault XP
 C = Vault XP percentage of total XP
 D = Non-vault monster count
 E = Vault monster count
 F = Vault count percentage of total count
                 A         B        C        D         E       F
            +---------+---------+-------+---------+---------+-------
      Total |  143570 |   70199 |  32.8 |     689 |     297 |  30.1
            +---------+---------+-------+---------+---------+-------
        D:1 |      47 |       0 |   0.0 |      28 |       0 |   0.0
        D:2 |      83 |      36 |  30.3 |      15 |       1 |   6.2
        D:3 |      91 |       3 |   3.2 |      20 |       1 |   4.8
        D:4 |     201 |      57 |  22.1 |      11 |       7 |  38.9
        D:5 |     453 |       0 |   0.0 |      23 |       0 |   0.0
        D:6 |     361 |     491 |  57.6 |      10 |       3 |  23.1
        D:7 |    1861 |    1036 |  35.8 |      25 |       2 |   7.4
        D:8 |    1564 |    3704 |  70.3 |      32 |       4 |  11.1
        D:9 |    4729 |     878 |  15.7 |      41 |       4 |   8.9
       D:10 |    4002 |    6217 |  60.8 |      30 |      23 |  43.4
       D:11 |    6638 |       0 |   0.0 |      36 |       0 |   0.0
       D:12 |    4923 |       0 |   0.0 |      23 |       0 |   0.0
       D:13 |    7273 |       0 |   0.0 |      38 |       0 |   0.0
       D:14 |   11735 |   10861 |  48.1 |      27 |      17 |  38.6
       D:15 |    3215 |    2323 |  41.9 |       7 |       4 |  36.4
     Lair:1 |    2973 |     570 |  16.1 |       9 |       3 |  25.0
     Lair:2 |    3741 |       0 |   0.0 |      16 |       0 |   0.0
     Lair:3 |    4597 |    1932 |  29.6 |      25 |       6 |  19.4
     Lair:4 |    4785 |    5357 |  52.8 |      18 |      10 |  35.7
     Lair:5 |    1838 |       0 |   0.0 |      10 |       0 |   0.0
     Lair:6 |    9910 |    9711 |  49.5 |      32 |      48 |  60.0
   Spider:1 |   18714 |       0 |   0.0 |      41 |       0 |   0.0
   Spider:2 |   13852 |    1278 |   8.4 |      41 |       4 |   8.9
   Spider:3 |   13312 |    3762 |  22.0 |      30 |       1 |   3.2
   Spider:4 |   16889 |    1444 |   7.9 |      38 |       3 |   7.3
      Orc:1 |    2209 |       0 |   0.0 |      28 |       0 |   0.0
      Orc:2 |    3574 |    8234 |  69.7 |      35 |      70 |  66.7
      Sewer |       0 |      84 | 100.0 |       0 |      25 | 100.0
    Ossuary |       0 |     129 | 100.0 |       0 |      11 | 100.0
     Bailey |       0 |    2706 | 100.0 |       0 |      18 | 100.0
      IceCv |       0 |    5431 | 100.0 |       0 |      20 | 100.0
    Volcano |       0 |    3955 | 100.0 |       0 |      12 | 100.0
            +---------+---------+-------+---------+---------+-------
